 Dungeon Crawl Stone Soup version 0.28.0 (webtiles) character file.

Game seed: 4267366742559895198

4322 zazu2006 the Stinger (level 10, -15/85 HPs)
             Began as a Naga Hedge Wizard on Feb 16, 2022.
             Was a Follower of Vehumet.
             Demolished by a two-headed ogre (30 damage)
             ... on level 8 of the Dungeon.
             The game lasted 00:22:25 (11663 turns).

zazu2006 the Stinger (Naga Hedge Wizard)           Turns: 11663, Time: 00:22:25

Health: -15/85     AC:  8    Str: 22    XL:     10   Next: 33%
Magic:  7/19       EV: 10    Int: 17    God:    Vehumet [*.....]
Gold:   207        SH:  0    Dex: 11    Spells: 13/22 levels left

rFire   . . .      SeeInvis +   s - +4 falchion "Gianet" {vorpal, Drain rC+++ Str+8 Stlth-}
rCold   + + +      Faith    .   (no shield)
rNeg    + . .      Spirit   .   k - +3 leather armour {rPois}
rPois   +          Reflect  .   c - +0 hat
rElec   .          Harm     .   (no cloak)
rCorr   .          Rampage  .   (no gloves)
Will    +....                   (no barding)
Stlth   ++........              (no amulet)
HPRegen 0.24/turn               m - ring of flight {oo}
MPRegen 0.16/turn               t - ring of positive energy

@: flying, very slow
A: AC +3, large, see invisible, deformed body, poison resistance, slowness 2,
spit poison 1, naga tail 1
a: Spit Poison, Renounce Religion


You were on level 8 of the Dungeon.
You worshipped Vehumet.
Vehumet was aware of your devotion.
You visited 2 branches of the dungeon, and saw 9 of its levels.

You collected 523 gold pieces.
You spent 316 gold pieces at shops.

Inventory:

Hand Weapons
 g - a +2 falchion of holy wrath
 s - the +4 falchion "Gianet" (weapon) {vorpal, Drain rC+++ Str+8 Stlth-}
   (You bought it in a shop on level 7 of the Dungeon)

   It inflicts extra damage upon your enemies.
   Str:       It affects your strength (+8).
   rC:        It renders you almost immune to cold.
   Drain:     It drains your maximum health when unequipped.
   Stlth:     It makes you less stealthy.
Armour
 c - a +0 hat (worn)
 k - a +3 leather armour of poison resistance (worn)
 o - a +2 robe of willpower
Jewellery
 m - a ring of flight (left hand) {oo}
 t - a ring of positive energy (right hand)
Wands
 a - a wand of digging (1)
 j - a wand of flame (14)
Scrolls
 b - a scroll of magic mapping {unknown}
 d - 7 scrolls of teleportation
 e - 2 scrolls of blinking {unknown}
 h - a scroll of amnesia {unknown}
 i - a scroll of enchant weapon
 l - a scroll of fear
 n - a scroll of silence {unknown}
Potions
 f - 5 potions of curing
 p - 2 potions of brilliance
 r - a potion of mutation


   Skills:
 + Level 3.7 Fighting
 + Level 5.0 Long Blades
 + Level 4.2 Armour
 + Level 3.9 Dodging
 + Level 6.5 Stealth
 + Level 6.6 Spellcasting
 + Level 5.3 Conjurations
 + Level 1.1 Summonings
 + Level 1.2 Translocations
 + Level 1.5 Air Magic
 + Level 7.7 Poison Magic
 + Level 0.2 Evocations


You had 13 spell levels left.
You knew the following spells:

 Your Spells              Type           Power      Damage    Failure   Level
a - Magic Dart            Conj           92%        1d7       1%          1
b - Mephitic Cloud        Conj/Pois/Air  22%        N/A       5%          3
c - Conjure Flame         Conj/Fire      14%        6-21      14%         3
d - Blink                 Tloc           18%        N/A       12%         2

Your spell library contained the following spells:

 Spells                   Type           Power      Damage    Failure   Level
 Freeze                   Ice            20%        1d4       14%         1
 Apportation              Tloc           18%        N/A       9%          1
 Call Imp                 Summ           9%         N/A       13%         2
 Slow                     Hex            20%        N/A       14%         1
 Alistair's Intoxication  Tmut/Pois      12%        N/A       61%         5


Dungeon Overview and Level Annotations

Branches:
Dungeon (8/15)             Temple (1/1) D:5
   Lair: D:8-11

Altars:
Ashenzari
Cheibriados
Dithmenos
Elyvilon
Fedhas
Gozag
Hepliaklqana
Kikubaaqudgha
Makhleb
Nemelex Xobeh
Okawaru
Qazlal
Ru
Trog
Uskayaw
Vehumet
Wu Jian
Xom
Yredelemnul
Zin
The Shining One

Shops:
D:3 (   D:6 **[*?*   D:7 *=*?

Annotations:
D:8 Harold


Innate Abilities, Weirdness & Mutations

Your serpentine skin is tough. (AC +3)
You have supernaturally acute eyesight. (SInv)
Armour fits poorly on your strangely shaped body.
Your system is resistant to poisons. (rPois)
You cover ground very slowly.
You can spit poison.
You have a snake-like lower body.


Message History

Casting: Blink (safe; 12% risk of failure)
Confirm with . or Enter, or press ? or * to list all spells.
Aiming: Mephitic Cloud (dangerous; 5% risk of failure)
Press: ? - help, Shift-Dir - straight line, f/p - two-headed ogre
Aim: a two-headed ogre, wielding a +0 giant club and a +0 dire flail (chance to affect: 53%)
The ball explodes into a vile cloud!
The stinking cloud engulfs the two-headed ogre but does no damage.
The stinking cloud engulfs you but does no damage.
You hear a bellow!
The two-headed ogre is engulfed in noxious fumes.
The two-headed ogre hits you with a +0 giant club!
* * * LOW HITPOINT WARNING * * *
The two-headed ogre misses you.
Unknown command.
The two-headed ogre is engulfed in noxious fumes.
There is an open gate, spattered with blood here.
The two-headed ogre is engulfed in noxious fumes.
Casting: Mephitic Cloud (dangerous; 5% risk of failure)
Confirm with . or Enter, or press ? or * to list all spells.
Okay, then.
Okay, then.
Casting: Mephitic Cloud (dangerous; 5% risk of failure)
Confirm with . or Enter, or press ? or * to list all spells.
Aiming: Mephitic Cloud (dangerous; 5% risk of failure)
Press: ? - help, Shift-Dir - straight line, f/p - two-headed ogre
Aim: a two-headed ogre, wielding a +0 giant club and a +0 dire flail (chance to affect: 53%)
The ball explodes into a vile cloud!
The stinking cloud engulfs the two-headed ogre but does no damage.
The stinking cloud engulfs the hornet zombie but does no damage.
The hornet zombie is heavily damaged.
The stinking cloud engulfs you but does no damage.
You feel stable enough to blink again.
Unknown command.
Unknown command.
Unknown command.
Unknown command.
You hit the two-headed ogre but do no damage.
The two-headed ogre is engulfed in noxious fumes.
The two-headed ogre hits you with a +0 giant club!!
You die...

###.## #@# ....#
..# ...# ### .@#
###.## ##.§..##
#......#
#..##########
#.....#@....#
##...ZO.....#
#.8.☼☼○..._#
#.#....'.....#
#.#....#.....#
#.#.##########
#.#..# #..# #.#.##
##.#
#########.#..###.##


You could see a two-headed ogre and a hornet zombie.

Vanquished Creatures
  Pikel (D:6)
  Grinder (D:3)
  Sigmund (D:4)
  A wyvern (D:8)
  2 steam dragons (D:7)
  Edmund (D:5)
  Duvessa (D:5)
  2 water moccasins
  2 orc warriors
  A sky beast (D:6)
  4 black bears
  An ice beast (D:7)
  3 ogres
  2 phantoms (D:7)
  3 lemures (D:5)
  A kobold brigand (D:6)
  Blork the orc (D:4)
  4 scorpions
  A wyvern skeleton (D:7)
  Dowan (D:5)
  A water moccasin skeleton (D:6)
  2 killer bees (D:5)
  2 wights
  2 howler monkeys
  A centaur zombie (D:7)
  3 bullfrog zombies
  4 centaur skeletons (D:7)
  5 hounds
  A jelly (D:7)
  An orc priest (D:8)
  A bullfrog skeleton (D:7)
  2 orc wizards
  2 hound skeletons
  2 howler monkey skeletons (D:7)
  6 adders
  3 gnolls (D:6)
  A shadow imp (D:6)
  2 white imps
  4 worms
  A dart slug (D:3)
  13 orcs
  6 ball pythons
  3 bats
  4 endoplasms
  6 giant cockroaches
  4 goblins
  8 hobgoblins
  4 jackals (D:1)
  3 quokkas
  A frilled lizard (D:3)
  5 kobolds
  4 rats
141 creatures vanquished.

Vanquished Creatures (collateral kills)
  A killer bee (D:5)
1 creature vanquished.

Vanquished Creatures (others)
  9 fungi (D:8)
  15 plants (D:8)
  2 withered plants (D:5)
26 creatures vanquished.

Grand Total: 168 creatures vanquished

Notes
Turn   | Place    | Note
-------+----------+-------------------------------------------
     0 | D:1      | zazu2006 the Naga Hedge Wizard began the quest for the Orb.
     0 | D:1      | Reached XP level 1. HP: 15/15 MP: 4/4
   277 | D:1      | Reached XP level 2. HP: 19/22 MP: 0/6
   662 | D:1      | Found a faded altar of an unknown god.
   706 | D:1      | Reached XP level 3. HP: 21/28 MP: 1/8
  1290 | D:2      | Learned a level 3 spell: Mephitic Cloud
  1294 | D:2      | Learned a level 3 spell: Conjure Flame
  1297 | D:2      | Learned a level 2 spell: Blink
  2504 | D:3      | Reached skill level 1 in Poison Magic
  2504 | D:3      | Reached XP level 4. HP: 31/36 MP: 3/9
  2594 | D:3      | Found a blossoming altar of Fedhas.
  2730 | D:3      | Noticed an ogre
  2746 | D:3      | Killed an ogre
  2747 | D:3      | Reached skill level 1 in Armour
  2747 | D:3      | Reached XP level 5. HP: 5/42 MP: 0/11
  3120 | D:3      | Noticed Grinder
  3204 | D:3      | Found a basalt altar of Yredelemnul.
  3247 | D:3      | Found Nuneyziq's Weapon Boutique.
  3645 | D:4      | Reached skill level 2 in Poison Magic
  3761 | D:4      | Noticed Sigmund
  3779 | D:4      | Killed Sigmund
  3780 | D:4      | Reached skill level 3 in Poison Magic
  3780 | D:4      | Reached XP level 6. HP: 41/50 MP: 8/12
  3956 | D:4      | Reached XP level 7. HP: 37/56 MP: 4/14
  4864 | D:5      | Entered Level 5 of the Dungeon
  4864 | D:5      | Noticed Edmund
  4864 | D:5      | Noticed Blork the orc
  4883 | D:4      | Killed Blork the orc
  5147 | D:5      | Found an ancient bone altar of Kikubaaqudgha.
  5260 | D:5      | Killed Edmund
  5261 | D:5      | Reached skill level 1 in Fighting
  5261 | D:5      | Reached skill level 5 in Spellcasting
  5261 | D:5      | Reached skill level 4 in Poison Magic
  5381 | D:5      | Noticed Dowan
  5381 | D:5      | Noticed Duvessa
  5422 | D:5      | Killed Duvessa
  5423 | D:5      | Reached XP level 8. HP: 29/64 MP: 12/15
  5423 | D:5      | Killed Dowan
  5681 | D:5      | Found a staircase to the Ecumenical Temple.
  5760 | D:5      | Noticed Pikel
  5886 | Temple   | Entered the Ecumenical Temple
  6174 | D:5      | Found a stormy altar of Qazlal.
  6246 | D:5      | Reached skill level 5 in Poison Magic
  6513 | D:5      | Reached skill level 1 in Long Blades
  6513 | D:5      | Reached skill level 1 in Air Magic
  7283 | D:6      | Reached skill level 6 in Poison Magic
  7495 | D:6      | Found Gekisysk's Overcharged Wands.
  7513 | D:6      | Found a radiant altar of Vehumet.
  7531 | D:6      | Became a worshipper of Vehumet
  7539 | D:6      | Found Lohaep's Magic Scroll Emporium.
  7540 | D:6      | Found Zaokhlem's Antique Armour Emporium.
  7543 | D:6      | Found Bodwucis's General Store.
  7550 | D:6      | Found Cedots's Assorted Antiques.
  7552 | D:6      | Bought a scroll of identify for 24 gold pieces
  7709 | D:6      | Found Eklot's General Store.
  7717 | D:6      | Bought a potion of degeneration for 12 gold pieces
  7953 | D:6      | Reached XP level 9. HP: 68/73 MP: 13/17
  8014 | D:6      | Found a sacrificial altar of Ru.
  8356 | D:3      | Found a broken altar of Ashenzari.
  8400 | D:3      | Killed Grinder
  8685 | D:3      | You are sucked into a shaft and drop 2 floors!
  8971 | D:6      | Killed Pikel
  8972 | D:6      | Reached skill level 5 in Stealth
  8972 | D:6      | Reached skill level 7 in Poison Magic
  9090 | D:7      | Reached skill level 5 in Conjurations
  9258 | D:7      | Found a shimmering altar of Xom.
  9518 | D:7      | Found an iron altar of Okawaru.
  9528 | D:7      | Reached * piety under Vehumet
  9528 | D:7      | Offered knowledge of Freeze by Vehumet.
  9869 | D:7      | Found Busaora's Assorted Antiques.
  9872 | D:7      | Bought a polished falchion for 280 gold pieces
  9872 | D:7      | Identified the +4 falchion "Gianet" {vorpal, Drain rC+++
                  | Str+8 Stlth-} (You bought it in a shop on level 7 of the
                  | Dungeon)
  9891 | D:7      | Found Ceithu's Magic Scroll Shoppe.
  9941 | D:7      | Reached XP level 10. HP: 74/84 MP: 19/19
 10200 | D:7      | Found Umapa's Assorted Antiques.
 10341 | D:7      | Found a glowing silver altar of Zin.
 10364 | D:7      | Found Tidaonid's Jewellery Shoppe.
 10832 | D:7      | Found an opulent altar of Gozag.
 11103 | D:8      | Noticed a two-headed ogre
 11343 | D:8      | Noticed Harold
 11645 | D:8      | Reached skill level 5 in Long Blades
 11657 | D:8      | Found a snail-covered altar of Cheibriados.
 11663 | D:8      | Demolished by a two-headed ogre

Illustrated notes

Levels and vault maps discovered:
D:1:      saegor_arrival_simple_b, layout_basic, ebering_ecumenical_altar_ruins,
          minmay_misc_feat_roman, hangedman_decor_lopped
D:2:      layout_basic, serial_rivers, chequers_serial_rivers_micro_a,
          chequers_serial_rivers_micro_d, chequers_serial_rivers_micro_c,
          chequers_serial_rivers_micro_e, chequers_serial_rivers_marsh
D:3:      layout_basic, fedhas_altar_2, mainiacjoe_overflow_24_doors,
          marbit_many_paths, serial_shops, nicolae_diamond_shop, minivault_5,
          dk_vineyard_2, minmay_misc_feat_five, uniq_grinder
D:4:      wad_pebble_path, layout_loops_corners, uniq_sigmund
D:5:      layout_loops_corners, kiku_gazebo_garden_becter,
          grunt_qazlal_sundering, temple_hall, uniq_pikel, uniq_edmund,
          uniq_blork_the_orc, uniq_duvessa
D:6:      layout_basic, nicolae_ru_path_of_blood,
          nicolae_overflow_crystal_walls, serial_shops, shop,
          minmay_shop_grid_forest, chequers_serial_rivers_micro_b,
          nicolae_shop_overcharged_wands
D:7:      layout_gridville, pdpol_temple_overflow_zin_treasury_gozag_greed,
          xom_confusion_cloud, lemuel_doored_altar, serial_shops,
          nicolae_shop_temple_entry_statues_fountains, kennysheep_mini_moat,
          shop, nicolae_square_shop, grunt_decor_mini_mirrors
D:8:      layout_loops_ring, kennysheep_orc_sif_temple, slow_altar_2,
          grunt_lair_entry_orc_guard_hut, serial_shops, shop, st_stairs_6,
          uniq_harold
Temple:   nicolae_temple_figure_zero

Skill      XL: |  1  2  3  4  5  6  7  8  9 10 |
---------------+-------------------------------+-----
Poison Magic   | 1 3 4 6 7 |  7.7
Armour         | 1 2 3 4 |  4.2
Spellcasting   | 4 5 6 |  6.6
Conjurations   | 2 3 4 5 |  5.3
Dodging        | 2 3 |  3.9
Stealth        | 4 6 |  6.5
Fighting       | 1 2 3 |  3.7
Long Blades    | 2 3 5 |  5.0
Air Magic      | 1 |  1.5
Summonings     | |  1.1
Translocations | |  1.2
Evocations     | |  0.2

Action                   |  1- 3 |  4- 6 |  7- 9 | 10-12 || total
-------------------------+-------+-------+-------+-------++-------
Melee: Dagger            |    29 |    13 |    75 |       ||   117
       Punch             |       |       |     5 |     2 ||     7
       Falchion          |       |       |   165 |   102 ||   267
 Cast: Magic Dart        |    87 |    42 |   138 |    15 ||   282
       Blink             |       |     1 |     4 |     3 ||     8
       Mephitic Cloud    |       |     3 |    22 |    13 ||    38
       Conjure Flame     |       |       |     2 |       ||     2
 Abil: Spit Poison       |    17 |    11 |    34 |     4 ||    66
Evoke: Wand              |       |       |     5 |       ||     5
  Use: Scroll            |       |     1 |     5 |       ||     6
       Potion            |       |       |     7 |     1 ||     8
 Stab: Sleeping          |     1 |     1 |     1 |       ||     3
       Confused          |       |       |     8 |     5 ||    13
Armor: Robe              |     3 |       |       |       ||     3
       Leather armour    |     3 |     3 |   142 |    32 ||   180
Dodge: Dodged            |    14 |     8 |   178 |    54 ||   254
